 Dungeon Crawl Stone Soup version 0.30-a0-1160-g6e42c06551 (webtiles) character file.

Game seed: 6417455171415498014

11307 cheesebisquit the Cleaver (level 11, -1/100 HPs)
             Began as a Hill Orc Fighter on Apr 26, 2023.
             Was a Priest of Makhleb.
             Killed from afar by a hell hog (8 damage)
             ... with a fireball
             ... on level 2 of the Abyss.
             The game lasted 00:28:22 (10146 turns).

cheesebisquit the Cleaver (Hill Orc Fighter)       Turns: 10146, Time: 00:28:23

Health: -1/100     AC: 22    Str: 24    XL:     11   Next: 75%
Magic:  15/15      EV:  7    Int:  8    God:    Makhleb [***...]
Gold:   175        SH:  6    Dex: 10    Spells: 10/10 levels left

rFire   + . .        a - +3 war axe
rCold   + . .        c - +0 buckler
rNeg    . . .        y - +1 plate armour
rPois   +            (no helmet)
rElec   +            l - +2 cloak
rCorr   +            b - +2 pair of gloves
SInv    .            (no boots)
Will    .....        (no amulet) Stlth
                     (no ring)
HPRegen 0.36/turn    (no ring)
MPRegen 0.14/turn

%: no passive effects
@: resistant
A: no striking features
a: Renounce Religion, Minor Destruction, Lesser Servant of Makhleb


You were on level 2 of the Abyss.
You worshipped Makhleb.
Makhleb was most pleased with you.
You visited 2 branches of the dungeon, and saw 11 of its levels.
You visited the Abyss 1 time.

You collected 784 gold pieces.
You spent 609 gold pieces at shops.

Inventory:

Hand Weapons
 a - a +3 war axe (weapon)
 w - a +2 mace of protection
 B - a +0 flail
 G - a +0 morningstar
Missiles
 p - 8 boomerangs (quivered)
 E - 18 poisoned darts
 N - 2 curare-tipped darts
Armour
 b - a +2 pair of gloves (worn)
 c - a +0 buckler (worn)
 l - a +2 cloak (worn)
 y - a +1 plate armour (worn)
Jewellery
 D - the ring "Tonageon" {*Corrode rPois rN+ Str+4}
   (You found it on level 5 of the Dungeon)

   [ring of poison resistance]

   Str:       It affects your strength (+4).
   rPois:     It protects you from poison.
   rN:        It protects you from negative energy.
   *Corrode:  It may corrode you when you take damage.
 H - a ring of positive energy
 M - a ring of magical power
 O - a ring of positive energy
Wands
 A - a wand of polymorph (3)
 J - a wand of flame (23)
Scrolls
 d - a scroll of enchant weapon
 g - a scroll of immolation
 h - a scroll of magic mapping
 i - 2 scrolls of fear
 m - 3 scrolls of amnesia
 n - 2 scrolls of noise {unknown}
 o - 2 scrolls of fog
 q - 3 scrolls of blinking
 r - a scroll of torment {unknown}
 t - 6 scrolls of teleportation
 x - 3 scrolls of poison
 C - 2 scrolls of acquirement {unknown}
 F - a scroll of silence {unknown}
 K - 2 scrolls of butterflies {unknown}
 L - a scroll of vulnerability {unknown}
Potions
 e - a potion of brilliance
 f - 4 potions of mutation
 j - 7 potions of curing
 k - a potion of degeneration
 u - 2 potions of berserk rage
 v - 2 potions of attraction
 I - 2 potions of flight
 Q - a potion of ambrosia


   Skills:
 + Level 10.2 Fighting
 * Level 14.6 Axes
 + Level 9.3 Armour
 + Level 9.3 Shields
 + Level 6.3 Invocations


You had 10 spell levels left.
You didn't know any spells.
Your spell library contained the following spells:

 Spells                   Type           Power      Damage    Failure   Level
 Magic Dart               Conj           0%         1d3       99%         1
 Shock                    Conj/Air       0%         1d3       99%         1
 Blink                    Tloc           0%         N/A       100%        2
 Call Imp                 Summ           0%         N/A       100%        2
 Cigotuvi's Dreadful Rot  Necr/Pois/Air  0%         N/A       100%        2
 Lesser Beckoning         Tloc           0%         N/A       100%        2
 Momentum Strike          Conj/Tloc      0%         3d8       100%        2
 Frozen Ramparts          Ice            0%         1d1       100%        3
 Mephitic Cloud           Conj/Pois/Air  0%         N/A       100%        3
 Dispel Undead            Necr           0%         3d6       100%        4
 Ice Form                 Ice/Tmut       0%         N/A       100%        4
 Summon Ice Beast         Ice/Summ       0%         N/A       100%        4
 Summon Lightning Spire   Summ/Air       0%         N/A       100%        4
 Death Channel            Necr           0%         N/A       100%        6
 Plasma Beam              Fire/Air       0%         2x1d11    100%        6


Dungeon Overview and Level Annotations

Branches:
Dungeon (10/15)            Temple (1/1) D:4            Lair (0/5) D:10
    Orc: D:9-12

Altars:
Ashenzari
Cheibriados
Dithmenos
Elyvilon
Fedhas
Gozag
Hepliaklqana
Kikubaaqudgha
Makhleb
Nemelex Xobeh
Okawaru
Qazlal
Ru
Sif Muna
Trog
Uskayaw
Vehumet
Wu Jian
Xom
Yredelemnul
Zin
The Shining One

Shops:
D:3 [   D:5 ?   D:9 *([   D:10 *([!

Annotations:
D:6 1 runed translucent door, Crazy Yiuf
D:10 Sonja


Message History

Okay, then.
As you read the scroll of fear, it crumbles to dust.
You assume a fearsome visage.
The hell hog looks frightened! x2
Okay, then.
You slash the hell hog!
The hell hog is moderately wounded.
The hell hog completely misses you. The hell hog breathes fire at you.
The fireball explodes!
The fireball engulfs the hell hog.
The hell hog completely resists.
The fireball engulfs the hell hog.
The hell hog completely resists.
The fireball engulfs you! You resist.
* * * LOW HITPOINT WARNING * * *
You hear an angry squeal.
You hit the hell hog.
The hell hog is moderately wounded.
You feel better. The hell hog bites you.
* * * LOW HITPOINT WARNING * * *
You feel better. The hell hog breathes fire at you.
The fireball explodes!
The fireball engulfs the hell hog.
The hell hog completely resists.
The fireball engulfs the hell hog.
The hell hog completely resists.
The fireball engulfs you! You resist.
* * * LOW HITPOINT WARNING * * *
The hell hog barely misses you.
You hear an angry squeal.
You feel better.
The hell hog bites you but does no damage.
The hell hog breathes fire at you.
The fireball explodes!
The fireball engulfs you! You resist.
* * * LOW HITPOINT WARNING * * *
The fireball engulfs the hell hog.
The hell hog completely resists.
You feel better. The hell hog bites you!
* * * LOW HITPOINT WARNING * * *
You feel better. The hell hog bites you!
* * * LOW HITPOINT WARNING * * *
The hell hog breathes fire at you.
The fireball explodes!
The fireball engulfs the hell hog.
The hell hog completely resists.
The fireball engulfs the hell hog.
The hell hog completely resists.
The fireball engulfs you! You resist.
You die...

. .#. # #.
# .# #...#
##. #.### #
#... #.##.#
# #...#
###.#.#.
#.#
#...##.#
##.## #
#hhhh#@##
.##...
#h#.......#
#h#
..#.....#
## #.##...#
# ##..... #
####. # # #
###.#


You could see 2 hell hogs.

Vanquished Creatures
  Snorg (D:10)
  Josephine (D:10)
  2 two-headed ogres (D:9)
  Pikel (D:6)
  A deep elf pyromancer (D:9)
  A rime drake (D:10)
  A troll (D:9)
  A hornet (D:9)
  A polar bear (D:10)
  3 wraiths (D:10)
  A shadow (D:9)
  A vampire (D:10)
  A wyvern (D:10)
  15 yaks
  3 steam dragons (D:8)
  Menkaure (D:4)
  2 acid dragons (D:10)
  A small abomination (Abyss:2)
  3 water moccasins
  A black bear (D:8)
  An orc warrior (D:9)
  5 ice beasts
  2 wolves (D:10)
  3 centaurs (D:6)
  An ogre (D:6)
  A lemure (D:6)
  2 phantoms
  4 kobold brigands
  4 bullfrogs
  3 scorpions
  2 jellies
  2 orc priests (D:4)
  A gnoll bouda (D:4)
  6 hounds
  3 sleepcaps
  Natasha (thrice) (D:4)
  An iguana (D:4)
  8 orc wizards
  5 adders
  4 gnolls (D:4)
  2 white imps
  An ufetubus (D:6)
  A worm (D:3)
  4 dart slugs
  29 orcs
  5 endoplasms
  2 giant cockroaches
  3 goblins
  8 hobgoblins
  A jackal (D:1)
  23 kobolds
  5 quokkas
  10 ball pythons
  3 bats
  A frilled lizard (D:3)
  2 rats
203 creatures vanquished.

Vanquished Creatures (others)
  9 fungi
  4 plants
  4 toadstools (D:2)
17 creatures vanquished.

Grand Total: 220 creatures vanquished

Notes
Turn   | Place    | Note
-------+----------+-------------------------------------------
     0 | D:1      | cheesebisquit the Hill Orc Fighter began the quest for the
                  | Orb.
     0 | D:1      | Reached XP level 1. HP: 19/19 MP: 1/1
    90 | D:1      | Reached skill level 3 in Axes
   111 | D:1      | Reached XP level 2. HP: 27/27 MP: 2/2
   581 | D:1      | Reached XP level 3. HP: 29/33 MP: 3/3
  1441 | D:3      | Found Jiko's Antique Armour Shoppe.
  1518 | D:3      | Reached skill level 4 in Axes
  1635 | D:3      | Reached XP level 4. HP: 40/40 MP: 4/4
  1663 | D:3      | Found a broken altar of Ashenzari.
  2067 | D:3      | Found a faded altar of an unknown god.
  2123 | D:4      | Noticed Natasha
  2128 | D:4      | Killed Natasha
  2178 | D:4      | Found a staircase to the Ecumenical Temple.
  2215 | D:4      | Reached XP level 5. HP: 43/47 MP: 5/5
  2247 | D:4      | Reached skill level 5 in Axes
  2276 | Temple   | Entered the Ecumenical Temple
  2429 | Temple   | Became a worshipper of Makhleb the Destroyer
  2514 | D:4      | Reached XP level 6. HP: 30/53 MP: 6/6
  2746 | D:4      | Noticed Menkaure
  2753 | D:4      | Killed Menkaure
  2754 | D:4      | Reached skill level 5 in Fighting
  2754 | D:4      | Reached skill level 6 in Axes
  2795 | D:4      | Noticed Natasha
  2805 | D:4      | Killed Natasha
  2812 | D:4      | Noticed Natasha
  2820 | D:4      | Killed Natasha
  2890 | D:4      | Reached XP level 7. HP: 61/61 MP: 7/7
  3122 | D:4      | Found an opulent altar of Gozag.
  3356 | D:5      | Entered Level 5 of the Dungeon
  3375 | D:5      | Found Dizob's Magic Scroll Emporium.
  3377 | D:5      | Identified the ring "Tonageon" {*Corrode rPois rN+ Str+4}
  3385 | D:5      | Bought a scroll of identify for 30 gold pieces
  3385 | D:5      | Bought a scroll of identify for 30 gold pieces
  3385 | D:5      | Bought a scroll of blinking for 112 gold pieces
  3385 | D:5      | Bought a scroll of blinking for 112 gold pieces
  3497 | D:5      | Reached skill level 5 in Armour
  3497 | D:5      | Reached skill level 5 in Shields
  3511 | D:5      | Reached * piety under Makhleb
  3512 | D:5      | Reached skill level 7 in Axes
  4206 | D:6      | Reached XP level 8. HP: 70/70 MP: 8/8
  4242 | D:6      | Reached skill level 8 in Axes
  4804 | D:6      | Reached skill level 9 in Axes
  5022 | D:6      | Reached XP level 9. HP: 70/78 MP: 9/9
  5152 | D:6      | Noticed Pikel
  5164 | D:6      | Killed Pikel
  5165 | D:6      | Reached skill level 10 in Axes
  5432 | D:6      | Found a runed translucent door.
  5433 | D:6      | Noticed Crazy Yiuf
  5989 | D:7      | Found a glowing silver altar of Zin.
  5989 | D:7      | Found a faded altar of an unknown god.
  5997 | D:7      | Found a shadowy altar of Dithmenos.
  5999 | D:7      | Found a sparkling altar of Nemelex Xobeh.
  6001 | D:7      | Found a faded altar of an unknown god.
  6021 | D:7      | Reached skill level 11 in Axes
  6027 | D:7      | Reached ** piety under Makhleb
  6251 | D:8      | Found a radiant altar of Vehumet.
  7057 | D:8      | Reached XP level 10. HP: 88/88 MP: 10/10
  7193 | D:8      | Found a shimmering blue altar of Sif Muna.
  7269 | D:9      | Reached skill level 1 in Invocations
  7372 | D:9      | Reached skill level 12 in Axes
  7404 | D:9      | Noticed a two-headed ogre
  7411 | D:9      | Killed a two-headed ogre
  7421 | D:9      | Noticed a deep elf pyromancer
  7444 | D:9      | Killed a deep elf pyromancer
  7608 | D:9      | Found a sacrificial altar of Ru.
  7713 | D:9      | Reached skill level 13 in Axes
  8171 | D:9      | Paralysed by a hornet for 2 turns
  8352 | D:9      | Found Zias Xux's General Store.
  8352 | D:9      | Found Baiqifeang's Antique Weapon Shop.
  8354 | D:9      | Found Luaboile's Antique Armour Shop.
  8462 | D:9      | Bought a scroll of teleportation for 39 gold pieces
  8462 | D:9      | Bought a potion of heal wounds for 65 gold pieces
  8462 | D:9      | Bought a potion of flight for 39 gold pieces
  8462 | D:9      | Bought a potion of curing for 39 gold pieces
  8462 | D:9      | Bought a potion of ambrosia for 104 gold pieces
  8462 | D:9      | Bought a potion of curing for 39 gold pieces
  8691 | D:9      | Noticed a two-headed ogre
  8702 | D:9      | Killed a two-headed ogre
  8703 | D:9      | Reached XP level 11. HP: 64/97 MP: 14/14
  8847 | D:10     | Entered Level 10 of the Dungeon
  8950 | D:10     | Found Zivvaunu's Assorted Antiques.
  9083 | D:10     | Noticed Snorg
  9107 | D:10     | Reached *** piety under Makhleb
  9128 | D:10     | Killed Snorg
  9129 | D:10     | Reached skill level 5 in Invocations
  9219 | D:10     | Found a staircase to the Lair.
  9259 | D:10     | Reached skill level 14 in Axes
  9449 | D:10     | Found Sihuagar's Distillery.
  9477 | D:10     | Found a bloodstained altar of Trog.
  9507 | D:10     | Got Sif Muna's Tome of Airy Blight
  9620 | D:10     | Found Ferph's Antique Armour Boutique.
  9682 | D:10     | Found Noxt's Weapon Emporium.
  9682 | D:10     | Noticed Josephine
  9704 | D:10     | Killed Josephine
  9705 | D:10     | Reached skill level 10 in Fighting
  9963 | D:10     | Noticed Sonja
  9967 | Abyss:2  | Cast into level 2 of the Abyss (Sonja)
 10125 | Abyss:2  | Noticed a hell hog
 10125 | Abyss:2  | Noticed a hell hog
 10126 | Abyss:2  | Noticed a hell hog
 10134 | Abyss:2  | Noticed a hell hog
 10146 | Abyss:2  | Killed from afar by a hell hog

Illustrated notes

Levels and vault maps discovered:
D:1:      tarquinn_simple_flora_water_b, layout_loops_cross, serial_rivers,
          chequers_serial_rivers_small_3, chequers_serial_rivers_micro_b,
          chequers_serial_rivers_large_b, chequers_serial_rivers_room_a,
          chequers_serial_rivers_micro_a, minmay_crystal_water, minmay_cut_off
D:2:      layout_rooms, minmay_gold_behind_fungi, feat_on_display
D:3:      layout_loops_cross, lemuel_crystal_altar,
          shapermc_ecumenical_altar_hornbeckon, serial_shops,
          nicolae_shop_pleasant_corner_grove
D:4:      layout_basic, nicolae_gozag_seed_capital, temple_pool_b,
          dreamdust_princess_bridge, uniq_natasha, uniq_menkaure
D:5:      layout_basic, serial_shops, shop
D:6:      layout_loops_corners, minmay_liquid_box, minmay_quadrilaterals,
          uniq_crazy_yiuf_cottage, uniq_pikel
D:7:      layout_rooms, chequers_temple_overflow_minitemple
D:8:      layout_basic, mainiacjoe_overflow_big_doors, nicolae_titane
D:9:      layout_layer_cave, mainiacjoe_overflow_small_starburst, minivault_23,
          nicolae_shop_distant_corner_stores, billiards_dpeg
D:10:     layout_loops_corners, mainiacjoe_overflow_catwalk,
          hellmonk_lair_entry_icy, serial_shops, nicolae_shop_advertising_works
          [nicolae_subvault_shop_adworks],
          nicolae_shop_competitors_out_of_business, shop,
          nicolae_shop_tiny_real_fake_doors, uniq_josephine, uniq_snorg,
          uniq_sonja
Temple:   nicolae_temple_ecumenical_triangle
Abyss:2:  base:
D:8

Skill      XL: |  1  2  3  4  5  6  7  8  9 10 11 |
---------------+----------------------------------+-----
Axes           | 3 4 5 6 7 9 11 13 14 | 14.6
Fighting       | 4 5 6 8 9 10 | 10.2
Armour         | 4 5 6 7 8 9 |  9.3
Shields        | 4 5 6 7 8 9 |  9.3
Invocations    | 4 6 |  6.3

Action                     |  1- 3 |  4- 6 |  7- 9 | 10-12 || total
---------------------------+-------+-------+-------+-------++-------
  Melee: War axe           |   128 |   115 |   296 |   285 ||   824
  Throw: Boomerang         |     1 |       |    26 |     3 ||    30
    Use: Scroll            |       |     6 |    15 |     3 ||    24
         Potion            |       |       |       |    17 ||    17
 Armour: Scale mail        |    69 |       |       |       ||    69
         Plate armour      |       |    74 |   221 |   168 ||   463
  Dodge: Dodged            |    58 |    31 |    95 |    95 ||   279
  Block: Buckler           |    22 |    17 |    71 |    72 ||   182

Table legend: (Time is in decaauts)
 A = Elapsed time spent in this place.
 B = Non-inter-level travel time spent in this place.
 C = Inter-level travel time spent in this place.
 D = Time resting spent in this place.
 E = Time spent auto-exploring this place.
 F = Levels seen in this place.
 G = Mean time per level.
                   A        B        C        D        E       F      G
               +--------+--------+--------+--------+--------+-----+--------+
         Total |  10295 |   9617 |    678 |      9 |   7896 |  12 |  857.9 |
       Dungeon |   9949 |   9294 |    655 |      8 |   7608 |  10 |  994.9 |
        Temple |    166 |    143 |     23 |      0 |    137 |   1 |  166.0 |
         Abyss |    179 |    179 |      0 |      1 |    151 |   1 |  179.0 |
               +--------+--------+--------+--------+--------+-----+--------+

Top non-repeatable levels by time:
     D:6: 1586 daAuts
     D:9: 1529 daAuts
     D:8: 1218 daAuts
     D:4: 1153 daAuts
    D:10: 1052 daAuts
     D:1: 1040 daAuts
     D:5: 800 daAuts
     D:3: 763 daAuts
     D:7: 410 daAuts
     D:2: 395 daAuts
 Abyss:2: 179 daAuts
  Temple: 166 daAuts
